AoeStats
← Zyrte

Golden Pit

509626511Analyzed
1v1 RM · 3d ago on Sep 27, 2026· 24m 24s· 2 players
Game mode
Random Map
Map size
Tiny (2 player)
Population
200
Speed
Normal
Resources
Standard
Victory
Conquest
Starting age
Dark Age
Ending age
Imperial Age
RankedLock teamsTeams togetherTeam positionsShared explorationLock speedFull tech treeHidden civsTurbo modeCheats
Victory
Defeat
🇮🇳 Franks · India
671
+16
🇨🇿 Franks · Czechia
664
-16
Zyrte
10:44 Feudal Age
18:37 Castle Age
17:47 Double-Bit Axe
VeerKnight
10:24 Feudal Age
10:54 Double-Bit Axe
17:38 Castle Age
17:53 Forging
17:49 Scale Barding Armor
20:15 Chain Barding Armor
21:36 Iron Casting
Connection lost

Rejoining the realm…

Still unreachable

The connection could not be restored.

Session expired

The server has moved on; the page needs a fresh start.